 Dungeon Crawl Stone Soup version 0.13-a0-2940-gab44624 (webtiles) character file.

336 PolkaDot the Ruinous (level 5, -4/33 HPs)
             Began as a Vampire Wizard on Sept 4, 2013.
             Slain by Terence
             ... wielding a +0,+0 falchion
              (6 damage)
             ... while paralysed by a potion of paralysis
             ... on Level 2 of the Dungeon.
             The game lasted 00:13:19 (2868 turns).

PolkaDot the Ruinous (Vampire Wizard)               Turns: 2868, Time: 00:13:19

HP  -4/33        AC  3     Str  6      XL: 5   Next: 40%
MP   0/13        EV  2     Int 26      God:
Gold 147         SH  0     Dex 12      Spells:  3 memorised,  3 levels left

Res.Fire  : . . .   See Invis. : +   h - +0 short sword
Res.Cold  : . . .   Warding    : .   a - +0 robe
Life Prot.: . . .   Conserve   : .   (no shield)
Res.Poison: .       Res.Corr.  : .   b - +0 wizard hat
Res.Elec. : .       Clarity    : .   n - +0 cloak
Sust.Abil.: . .     Spirit.Shd : .   (no gloves)
Res.Mut.  : .       Stasis     : .   (no boots)
Res.Rott. : .       Flight     : .   m - amulet of the gourmand {unknown}
Saprovore : . . .                    (no ring)
                                     (no ring)

@: paralysed, regenerating quickly, brilliant, slightly resistant to hostile
enchantments, stealthy
A: fangs 3, see invisible, unbreathing
a: no special abilities


You were on level 2 of the Dungeon.
You were very full.

You visited 1 branch of the dungeon, and saw 3 of its levels.

You collected 127 gold pieces.

Inventory:

Hand weapons
 h - a +0,+0 short sword (weapon)
Armour
 a - a +0 robe (worn)
 b - a +0 wizard hat (worn)
 n - a +0 cloak (worn)
Scrolls
 e - a scroll of amnesia {unknown}
 g - a scroll of remove curse {unknown}
 i - 2 scrolls of blinking {unknown}
 l - a scroll of curse armour {unknown}
 q - a scroll of fog {unknown}
Jewellery
 m - an amulet of the gourmand (around neck) {unknown}
 p - an uncursed amulet of rage
Potions
 f - a potion of paralysis
 j - a potion of invisibility {unknown}
 k - a potion of agility {unknown}
 o - 2 potions of curing {unknown}
Books
 c - a book of Minor Magic

   Spells                             Type                      Level
   *Magic Dart                        Conjuration                  1
   Blink                              Translocation                2
   Call Imp                           Summoning                    2
   Repel Missiles                     Charms/Air                   2
   Slow                               Hexes                        2
   *Conjure Flame                     Conjuration/Fire             3
   *Mephitic Cloud                    Conjuration/Poison/Air       3


   Skills:
 - Level 2.1 Dodging
 - Level 3.0 Stealth
 - Level 3.0 Spellcasting
 * Level 4.0 Conjurations
   Level 1.0 Summonings
   Level 0.7 Translocations


You had 3 spell levels left.
You knew the following spells:

 Your Spells              Type           Power        Failure   Level  Hunger
a - Magic Dart            Conj           ####         1%          1    None
d - Mephitic Cloud        Conj/Pois/Air  ####....     2%          3    ###....
s - Conjure Flame         Conj/Fire      ####....     1%          3    ###....


Dungeon Overview and Level Annotations

Branches:
Dungeon (3/27)

Altars:
Ashenzari
Trog

Annotations:
D:2 Terence


Innate Abilities, Weirdness & Mutations

Your natural rate of healing is unusually fast.
You have razor-sharp teeth.*
You have supernaturally acute eyesight.
You can survive without breathing.*


Message History

Terence is almost dead.
Casting: Magic Dart
Confirm with . or Enter, or press ? or * to list all spells.
Aiming: Magic Dart
Press: ? - help, Shift-Dir - straight line, f/p - Terence
Aim: Terence, wielding a falchion, wearing an elven chain mail and carrying a wand of flame {zapped: 4} (almost dead)
The magic dart hits Terence.
Terence is almost dead.
Terence zaps a wand.
The puff of flame hits you!
Terence zaps a wand.
The puff of flame hits you!
* * * LOW HITPOINT WARNING * * *
Drink which item? (? for menu, Esc to quit)
You feel more clever all of a sudden.
It was a potion of brilliance.
Drink which item? (? for menu, Esc to quit)
You suddenly lose the ability to move!
It was a potion of paralysis.
Terence zaps a wand.
The puff of flame hits you!
* * * LOW HITPOINT WARNING * * *
Terence hits you with a falchion.
You die...

#...# . #...# ##.#
#..)#.##.# #.........
#..##.##.#
###########..##.##@###
.....................
##......##########.####.##
#......##..%...@@.........
####....##.#######.####.##
#..#...... #)# #..#.....##
#.# ##'####..# #####.#
...'..#..# #.....#
...#..#.. #.#######
...#### #.......#
...#..##############.#


You could see Terence.

Vanquished Creatures
  The ghost of Econoterrorist the Charmwright, a weakling HESk (D:3)
  8 adders (D:2)
  A giant mite (D:2)
  2 worms
  3 giant geckos
  An ooze (D:2)
  5 orcs (D:3)
  8 ball pythons
  6 bats
  6 goblins
  4 hobgoblins (D:1)
  A giant cockroach (D:3)
  3 giant newts
  5 kobolds
  A quokka (D:3)
  7 rats
62 creatures vanquished.

Notes
Turn   | Place    | Note
--------------------------------------------------------------
     0 | D:1      | PolkaDot, the Vampire Wizard, began the quest for the Orb.
     0 | D:1      | Reached XP level 1. HP: 11/11 MP: 6/6
   120 | D:1      | Reached skill level 1 in Conjurations
   472 | D:1      | Reached XP level 2. HP: 15/17 MP: 6/8
  1396 | D:2      | Found a bloodstained altar of Trog.
  1410 | D:2      | Found a shattered altar of Ashenzari.
  1435 | D:2      | Reached XP level 3. HP: 22/22 MP: 6/10
  1656 | D:2      | Learned a level 3 spell: Conjure Flame
  1660 | D:2      | Learned a level 3 spell: Mephitic Cloud
  1781 | D:2      | Noticed Terence
  1883 | D:3      | Noticed Econoterrorist's ghost (weakling HESk)
  1890 | D:3      | Killed Econoterrorist's ghost
  1890 | D:3      | Reached XP level 4. HP: 20/28 MP: 3/12
  2410 | D:2      | Reached XP level 5. HP: 33/33 MP: 5/13
  2573 | D:2      | Reached skill level 4 in Conjurations
  2866 | D:2      | Paralysed by a potion of paralysis for 7 turns
  2866 | D:2      | HP: 1/33 [Terence/wand of flame (3)]
  2868 | D:2      | Slain by Terence

Action                   |  1- 3 |  4- 6 || total
-------------------------+-------+-------++-------
Melee: Unarmed           |     3 |       ||     3
       Short sword       |    11 |     6 ||    17
 Cast: Magic Dart        |   102 |    77 ||   179
       Conjure Flame     |     2 |     1 ||     3
       Mephitic Cloud    |     1 |       ||     1
  Use: Potion            |       |     2 ||     2
